SAA
LITTLE CAESARS HOT N READYS @ DURHAM RAPIERS
07/17/2029
 
TOP OF THE 1ST
Little Caesars Hot N Readys batting - Pitching for Durham Rapiers : RHP Lance de Valk
Pitching: RHP Lance de Valk
Batting: LHB Michael Cochran 0-0: Ball
1-0: Bunt for hit - play at first, batter safe!
Batting: RHB Jean Chamissa 0-0: Ball
1-0: Fly out, F9 (Flyball, 9S)
Batting: LHB Lance Antle 0-0: Ball
1-0: Called Strike
1-1: Called Strike
1-2: Fly out, F7 (Flyball, 7LM)
Batting: LHB Josh Platt 0-0: Foul Ball, location: 2F
0-1: Ball
Pickoff Throw to First - Error! E1
Michael Cochran to second
1-1: Ground out 5-3 (Groundball, 56S)
Top of the 1st over - 0 runs, 1 hit, 1 error, 1 left on base; Little Caesars 0 - Durham 0
BOTTOM OF THE 1ST
Durham Rapiers batting - Pitching for Little Caesars Hot N Readys : RHP Kyuichi Hori
Pitching: RHP Kyuichi Hori
Batting: LHB Alberto Garza 0-0: Foul Ball, location: 2F
0-1: Ball
1-1: DOUBLE (Line Drive, 78D)
Batting: SHB Anthony Hopkins 0-0: Ball
1-0: Swinging Strike
1-1: Foul Ball, location: 2F
1-2: Fly out, F5 (Popup, 25F)
Batting: RHB Jesús Cisneros 0-0: Called Strike
0-1: Swinging Strike
0-2: Ball
1-2: Foul Ball, location: 2F
1-2: Ball
2-2: Strikes out looking
Batting: RHB Armando Chamú 0-0: Foul Ball, location: 2F
0-1: Ball
1-1: Ball
2-1: Swinging Strike
2-2: Foul Ball, location: 2F
2-2: Ball
3-2: Foul Ball, location: 2F
3-2: DOUBLE (Line Drive, 78XD)
Alberto Garza scores
Batting: RHB Jules Winnfield 0-0: Ball
1-0: Foul Ball, location: 2F
1-1: Ball
2-1: Fly out, F9 (Flyball, 9)
Bottom of the 1st over - 1 run, 2 hits, 0 errors, 1 left on base; Little Caesars 0 - Durham 1
TOP OF THE 2ND
Little Caesars Hot N Readys batting - Pitching for Durham Rapiers : RHP Lance de Valk
Batting: RHB John Thompson 0-0: Ball
1-0: Called Strike
1-1: Foul Ball, location: 2F
1-2: Ball
2-2: Ground out 4-3 (Groundball, 4)
Batting: SHB Tony Gutiérrez 0-0: Ground out 1-3 (Groundball, 13S)
Batting: RHB Amos Bies 0-0: Called Strike
0-1: Foul Ball, location: 2F
0-2: Ball
1-2: Foul Ball, location: 2F
1-2: SINGLE (Groundball, 56) (infield hit)
Batting: RHB Luis Aragón 0-0: Called Strike
0-1: Ball
1-1: Swinging Strike
1-2: Ground out 4-3 (Groundball, 4)
Top of the 2nd over - 0 runs, 1 hit, 0 errors, 1 left on base; Little Caesars 0 - Durham 1
BOTTOM OF THE 2ND
Durham Rapiers batting - Pitching for Little Caesars Hot N Readys : RHP Kyuichi Hori
Batting: RHB Ignacio Hernández 0-0: Called Strike
0-1: Ball
1-1: Ball
2-1: Called Strike
2-2: Foul Ball, location: 2F
2-2: Ball
3-2: Strikes out swinging, 2-3 out at first.
Batting: RHB Raúl Moreno 0-0: Ground out U3 (Groundball, 34)
Batting: SHB Wenceslas Holbeche 0-0: Ground out U3 (Groundball, 3)
Bottom of the 2nd over - 0 runs, 0 hits, 0 errors, 0 left on base; Little Caesars 0 - Durham 1
TOP OF THE 3RD
Little Caesars Hot N Readys batting - Pitching for Durham Rapiers : RHP Lance de Valk
Batting: RHB Mike Taylor 0-0: Called Strike
0-1: Swinging Strike
0-2: Ball
1-2: Ball
2-2: Strikes out looking
Batting: LHB Michael Cochran 0-0: Ball
1-0: Foul Ball, location: 2F
1-1: Foul Ball, location: 2F
1-2: Foul Ball, location: 2F
1-2: Strikes out swinging
Batting: RHB Jean Chamissa 0-0: Called Strike
0-1: Ball
1-1: Ball
2-1: Ball
3-1: Base on Balls
Batting: LHB Lance Antle 0-0: SINGLE (Line Drive, 6MD)
Jean Chamissa to second
Runner from 2nd tries for 3rd, SAFE, no throw
Batting: LHB Josh Platt 0-0: Fly out, F6 (Line Drive, 6M)
Top of the 3rd over - 0 runs, 1 hit, 0 errors, 2 left on base; Little Caesars 0 - Durham 1
BOTTOM OF THE 3RD
Durham Rapiers batting - Pitching for Little Caesars Hot N Readys : RHP Kyuichi Hori
Batting: RHB Júlio Gonzáles 0-0: Ball
1-0: Ball
2-0: Ball
3-0: Base on Balls
Batting: LHB Alberto Garza 0-0: Ball
1-0: SINGLE (Line Drive, 56)
Júlio Gonzáles to second
Batting: SHB Anthony Hopkins 0-0: Foul Ball, location: 2F
0-1: Called Strike
0-2: Ball
1-2: Ball
2-2: Foul Ball, location: 2F
2-2: Strikes out swinging
Batting: RHB Jesús Cisneros 0-0: Ball
Júlio Gonzáles steals 3rd base
1-0: Foul Ball, location: 2F
1-1: Foul Ball, location: 2F
1-2: Foul Ball, location: 2F
1-2: Ball
2-2: Grounds into double play, 6-4-3 (Groundball, 6)
Bottom of the 3rd over - 0 runs, 1 hit, 0 errors, 1 left on base; Little Caesars 0 - Durham 1
TOP OF THE 4TH
Little Caesars Hot N Readys batting - Pitching for Durham Rapiers : RHP Lance de Valk
Batting: RHB John Thompson 0-0: Foul Ball, location: 2F
0-1: SOLO HOME RUN (Flyball, 9LD), Distance : 359 ft
Batting: SHB Tony Gutiérrez 0-0: Foul Ball, location: 2F
0-1: Ball
1-1: Foul Ball, location: 2F
1-2: Ball
2-2: Ball
3-2: Foul Ball, location: 2F
3-2: Base on Balls
Batting: RHB Amos Bies 0-0: Ball
1-0: Fly out, F9 (Flyball, 89M)
Batting: RHB Luis Aragón 0-0: Ball
1-0: Called Strike
1-1: Reached on error, E5 (Groundball, 56)
Tony Gutiérrez to second
Batting: RHB Mike Taylor 0-0: Called Strike
0-1: Ball
1-1: Ball
2-1: Ball
3-1: Fly out, F8 (Line Drive, 8RM)
Batting: LHB Michael Cochran 0-0: Ball
1-0: Swinging Strike
1-1: Ground out 4-3 (Groundball, 4)
Top of the 4th over - 1 run, 1 hit, 1 error, 2 left on base; Little Caesars 1 - Durham 1
BOTTOM OF THE 4TH
Durham Rapiers batting - Pitching for Little Caesars Hot N Readys : RHP Kyuichi Hori
Batting: RHB Armando Chamú 0-0: Ball
1-0: SOLO HOME RUN (Flyball, 7D), Distance : 399 ft
Batting: RHB Jules Winnfield 0-0: Ball
1-0: Ball
2-0: Foul Ball, location: 2F
2-1: Ball
3-1: Swinging Strike
3-2: Base on Balls
Batting: RHB Ignacio Hernández 0-0: Called Strike
0-1: Ball
1-1: Ball
2-1: Swinging Strike
2-2: Ball
3-2: Fly out, F7 (Flyball, 7S)
Batting: RHB Raúl Moreno 0-0: Ball
1-0: Ball
2-0: Ball
3-0: Called Strike
3-1: Foul Ball, location: 2F
3-2: Base on Balls
Jules Winnfield to second
Batting: SHB Wenceslas Holbeche 0-0: Ball
1-0: Ball
2-0: Foul Ball, location: 2F
2-1: Called Strike
2-2: Strikes out swinging
Batting: RHB Júlio Gonzáles 0-0: Called Strike
0-1: Called Strike
0-2: Ball
1-2: Ball
2-2: Ball
3-2: Foul Ball, location: 2F
3-2: Base on Balls
Jules Winnfield to third
Raúl Moreno to second
Batting: LHB Alberto Garza 0-0: Swinging Strike
0-1: Foul Ball, location: 2F
0-2: Ball
1-2: Foul Ball, location: 2F
1-2: SINGLE (Groundball, 6D)
Jules Winnfield scores
Raúl Moreno to third
Júlio Gonzáles to second
Runner from 3rd tries for Home, SAFE, no throw
Batting: SHB Anthony Hopkins 0-0: SINGLE (Groundball, 6S) (infield hit)
Júlio Gonzáles to third
Alberto Garza to second
Batting: RHB Jesús Cisneros 0-0: Swinging Strike
0-1: Called Strike
0-2: Fielders Choice at 2nd, 5-4 (Groundball, 5)
Bottom of the 4th over - 3 runs, 3 hits, 0 errors, 3 left on base; Little Caesars 1 - Durham 4
TOP OF THE 5TH
Little Caesars Hot N Readys batting - Pitching for Durham Rapiers : RHP Lance de Valk
Batting: RHB Jean Chamissa 0-0: SINGLE (Groundball, 6MD)
Batting: LHB Lance Antle 0-0: Fly out, F8 (Flyball, 8LD)
Batting: LHB Josh Platt 0-0: Called Strike
0-1: Ball
1-1: Foul Ball, location: 2F
1-2: Ball
2-2: Strikes out looking
Batting: RHB John Thompson 0-0: Ball
Jean Chamissa is caught stealing 2nd base
Top of the 5th over - 0 runs, 1 hit, 0 errors, 0 left on base; Little Caesars 1 - Durham 4
BOTTOM OF THE 5TH
Durham Rapiers batting - Pitching for Little Caesars Hot N Readys : RHP Kyuichi Hori
Batting: RHB Armando Chamú 0-0: Ball
1-0: SINGLE (Flyball, 7LS)
Batting: RHB Jules Winnfield 0-0: Ball
1-0: Ball
Wild Pitch!
Armando Chamú to second
2-0: SINGLE (Line Drive, 6D)
Armando Chamú to third
Runner from 3rd tries for Home, SAFE, no throw
Batting: RHB Ignacio Hernández 0-0: TRIPLE (Line Drive, 9D)
Jules Winnfield scores
Batting: RHB Raúl Moreno 0-0: Called Strike
0-1: Swinging Strike
0-2: Strikes out looking
Pitching: RHP Pat Hunt
Batting: SHB Wenceslas Holbeche 0-0: Ball
1-0: DOUBLE (Groundball, 5L)
Ignacio Hernández scores
Batting: RHB Júlio Gonzáles 0-0: Foul Ball, location: 2F
0-1: Foul Ball, location: 2F
0-2: Ground out 6-3 (Groundball, 6)
Wenceslas Holbeche to third
Batting: LHB Alberto Garza 0-0: Ball
1-0: Ball
2-0: Called Strike
2-1: Foul Ball, location: 2F
2-2: Ball
3-2: SINGLE (Groundball, 6M) (infield hit)
Wenceslas Holbeche scores
Batting: SHB Anthony Hopkins 0-0: Ball
1-0: Ball
2-0: Called Strike
2-1: Ball
3-1: Base on Balls
Alberto Garza to second
Batting: RHB Jesús Cisneros 0-0: Called Strike
0-1: Ground out U3 (Groundball, 34S)
Bottom of the 5th over - 4 runs, 5 hits, 0 errors, 2 left on base; Little Caesars 1 - Durham 8
TOP OF THE 6TH
Little Caesars Hot N Readys batting - Pitching for Durham Rapiers : RHP Lance de Valk
Batting: RHB John Thompson 0-0: Called Strike
0-1: Ball
1-1: Fly out, F8 (Flyball, 8RXD)
Batting: SHB Tony Gutiérrez 0-0: Called Strike
0-1: Ball
1-1: Ball
2-1: Foul Ball, location: 2F
2-2: Ball
3-2: Foul Ball, location: 2F
3-2: Ground out 4-3 (Groundball, 4)
Batting: RHB Amos Bies 0-0: SINGLE (Groundball, 6MD)
Pitching: RHP António Ríos
Batting: RHB Luis Aragón 0-0: Called Strike
0-1: Foul Ball, location: 2F
0-2: Ball
Amos Bies is caught stealing 2nd base
Top of the 6th over - 0 runs, 1 hit, 0 errors, 0 left on base; Little Caesars 1 - Durham 8
BOTTOM OF THE 6TH
Durham Rapiers batting - Pitching for Little Caesars Hot N Readys : RHP Pat Hunt
Batting: RHB Armando Chamú 0-0: Foul Ball, location: 2F
0-1: Ball
1-1: Ball
2-1: Foul Ball, location: 2F
2-2: Ball
3-2: Fly out, F9 (Flyball, 9)
Batting: RHB Jules Winnfield 0-0: Ball
1-0: Fly out, F4 (Popup, 34D)
Batting: RHB Ignacio Hernández 0-0: Ball
1-0: Swinging Strike
1-1: Called Strike
1-2: Foul Ball, location: 2F
1-2: Strikes out looking
Bottom of the 6th over - 0 runs, 0 hits, 0 errors, 0 left on base; Little Caesars 1 - Durham 8
TOP OF THE 7TH
Little Caesars Hot N Readys batting - Pitching for Durham Rapiers : RHP António Ríos
Batting: RHB Luis Aragón 0-0: Fly out, F4 (Line Drive, 4)
Batting: RHB Mike Taylor 0-0: Ground out 6-3 (Groundball, 56)
Batting: LHB Michael Cochran 0-0: DOUBLE (Line Drive, 89S)
Batting: RHB Jean Chamissa 0-0: SINGLE (Flyball, 9LM)
Michael Cochran to third
Runner from 3rd tries for Home, SAFE, no throw
Batting: LHB Lance Antle 0-0: Ball
1-0: Foul Ball, location: 2F
1-1: Ball
2-1: Fly out, F8 (Flyball, 8RM)
Top of the 7th over - 1 run, 2 hits, 0 errors, 1 left on base; Little Caesars 2 - Durham 8
BOTTOM OF THE 7TH
Durham Rapiers batting - Pitching for Little Caesars Hot N Readys : RHP Pat Hunt
Batting: RHB Raúl Moreno 0-0: Ball
1-0: Ground out 4-3 (Groundball, 4)
Batting: SHB Wenceslas Holbeche 0-0: Ball
1-0: Called Strike
1-1: Ball
2-1: Called Strike
2-2: Ball
3-2: Ground out 6-3 (Groundball, 6)
Batting: RHB Júlio Gonzáles 0-0: Ball
1-0: Fly out, F8 (Flyball, 8RD)
Bottom of the 7th over - 0 runs, 0 hits, 0 errors, 0 left on base; Little Caesars 2 - Durham 8
TOP OF THE 8TH
Little Caesars Hot N Readys batting - Pitching for Durham Rapiers : RHP António Ríos
Batting: LHB Josh Platt 0-0: Ball
1-0: Ball
2-0: Foul Ball, location: 2F
2-1: Foul Ball, location: 2F
2-2: Ball
3-2: SINGLE (Flyball, 7LS)
Batting: RHB John Thompson 0-0: Foul Ball, location: 2F
0-1: Foul Ball, location: 2F
0-2: Ball
1-2: Fly out, F9 (Flyball, 9LS)
Batting: SHB Tony Gutiérrez 0-0: Called Strike
0-1: Ball
1-1: Ball
2-1: Ball
3-1: Called Strike
3-2: Strikes out swinging
Batting: RHB Amos Bies 0-0: Ball
1-0: Fielders Choice at 2nd, 6-4 (Groundball, 6)
Top of the 8th over - 0 runs, 1 hit, 0 errors, 1 left on base; Little Caesars 2 - Durham 8
BOTTOM OF THE 8TH
Durham Rapiers batting - Pitching for Little Caesars Hot N Readys : RHP Pat Hunt
Batting: LHB Alberto Garza 0-0: Ball
1-0: Ball
2-0: Called Strike
2-1: Ball
3-1: Base on Balls
Batting: SHB Anthony Hopkins 0-0: Foul Ball, location: 2F
0-1: Swinging Strike
0-2: Grounds into double play, 6-4-3 (Groundball, 6M)
Batting: RHB Jesús Cisneros 0-0: Ball
1-0: Ball
2-0: Ball
3-0: Base on Balls
Batting: RHB Armando Chamú 0-0: Swinging Strike
0-1: Called Strike
Jesús Cisneros steals 2nd base
0-2: DOUBLE (Flyball, 78XD)
Jesús Cisneros scores
Batting: RHB Jules Winnfield 0-0: Called Strike
0-1: Ball
1-1: Foul Ball, location: 2F
1-2: Strikes out swinging
Bottom of the 8th over - 1 run, 1 hit, 0 errors, 1 left on base; Little Caesars 2 - Durham 9
TOP OF THE 9TH
Little Caesars Hot N Readys batting - Pitching for Durham Rapiers : RHP António Ríos
Batting: RHB Luis Aragón 0-0: Ball
1-0: SINGLE (Line Drive, 9LS)
Batting: RHB Mike Taylor 0-0: Ball
1-0: Ball
2-0: Ball
3-0: Called Strike
3-1: Base on Balls
Luis Aragón to second
Batting: LHB Michael Cochran 0-0: Foul Ball, location: 2F
0-1: Called Strike
0-2: Strikes out swinging
Batting: RHB Jean Chamissa 0-0: Foul Ball, location: 2F
0-1: Called Strike
0-2: Ground out 5-3 (Groundball, 56S)
Luis Aragón to third
Mike Taylor to second
Batting: LHB Lance Antle 0-0: Ball
1-0: Ground out 5-3 (Groundball, 56S)
Top of the 9th over - 0 runs, 1 hit, 0 errors, 2 left on base; Little Caesars 2 - Durham 9
Tuesday, December 19th, 2017 - OOTP Baseball 18.8 Build 76